 Dungeon Crawl Stone Soup version 0.31-b1-17-gcfd88c8481 (webtiles) character file.

Game seed: 11146412408155082822

3 Arctor the Vexing (level 1, -2/17 HPs)
             Began as a Gnoll Hexslinger on Jan 15, 2024.
             Slain by a gnoll
             ... wielding a +0 flail
              (4 damage)
             ... on level 1 of the Dungeon.
             The game lasted 00:00:03 (61 turns).

Arctor the Vexing (Gnoll Hexslinger)                  Turns: 61, Time: 00:00:03

Health: -2/17      AC:  2    Str:  7    XL:     1   Next: 50%
Magic:  4/4        EV: 13    Int: 12    God:
Gold:   27         SH:  0    Dex: 14    Spells: 5/5 levels left

rFire   . . .        a - +1 sling
rCold   . . .        (no shield)
rNeg    . . .        c - +0 robe
rPois   .            (no helmet)
rElec   .            (no cloak)
rCorr   .            (no gloves)
SInv    .            (no boots)
Will    .....        (no amulet)
Stlth   +            (no ring)
HPRegen 0.22/turn    (no ring)
MPRegen 0.09/turn

%: no passive effects
@: no status effects
A: fangs 1, strong nose, distributed training
a: no special abilities


You were on level 1 of the Dungeon.
You visited 1 branch of the dungeon, and saw 1 of its levels.

You collected 27 gold pieces.

Inventory:

Hand Weapons
 a - a +1 sling (weapon)
Armour
 c - a +0 robe (worn)
Scrolls
 b - a scroll of poison


   Skills:
 + Level 2.3 Fighting
 + Level 0.0 Short Blades
 + Level 0.0 Long Blades
 + Level 0.0 Axes
 + Level 0.0 Maces & Flails
 + Level 0.0 Polearms
 + Level 0.0 Staves
 + Level 4.4 Ranged Weapons
 + Level 0.0 Throwing
 + Level 0.0 Armour
 + Level 4.4 Dodging
 + Level 0.0 Stealth
 + Level 0.0 Shields
 + Level 0.0 Unarmed Combat
 + Level 2.6 Spellcasting
 + Level 0.0 Conjurations
 + Level 5.3 Hexes
 + Level 0.0 Summonings
 + Level 0.0 Necromancy
 + Level 0.0 Translocations
 + Level 1.9 Fire Magic
 + Level 0.0 Ice Magic
 + Level 0.0 Air Magic
 + Level 0.0 Earth Magic
 + Level 0.0 Alchemy
 + Level 0.1 Invocations
 + Level 0.0 Evocations
 + Level 0.0 Shapeshifting


You had 5 spell levels left.
You didn't know any spells.
Your spell library contained the following spells:

 Spells                   Type           Power      Damage    Failure   Level
 Jinxbite                 Hex            28%        N/A       4%          2
 Sigil of Binding         Hex            14%        N/A       9%          3
 Inner Flame              Hex/Fire       10%        N/A       17%         3
 Cause Fear               Hex            7%         N/A       28%         4
 Dimensional Bullseye     Hex/Tloc       4%         N/A       63%         4


Dungeon Overview and Level Annotations

Branches:
Dungeon (1/15)

Altars:


Innate Abilities, Weirdness & Mutations

You have very sharp teeth.
Your uncanny sense of smell can sniff out nearby items.
Your experience applies equally to all skills.


Message History

There are monsters nearby!
You shoot a sling bullet. The sling bullet hits the quokka.
The quokka is moderately wounded.
The quokka bites you.
There are monsters nearby!
You shoot a sling bullet. The sling bullet hits the quokka.
The quokka is severely wounded.
The quokka closely misses you. The quokka barely misses you.
There are monsters nearby!
You shoot a sling bullet.
The sling bullet closely misses the quokka.
The quokka closely misses you.
There are monsters nearby!
You shoot a sling bullet.
The sling bullet barely misses the quokka.
The quokka bites you but does no damage.
The gnoll misses you.
There are monsters nearby!
You shoot a sling bullet.
The sling bullet completely misses the quokka.
The quokka bites you. x2; The gnoll hits you with a +0 flail.
* * * LOW HITPOINT WARNING * * *
There are monsters nearby!
You are too injured to fight recklessly!
There are monsters nearby!
You are too injured to fight recklessly!
There are monsters nearby!
You are too injured to fight recklessly!
There are monsters nearby!
You are too injured to fight recklessly!
Unknown command.
You shoot a sling bullet. The sling bullet hits the gnoll.
The gnoll is severely wounded.
The quokka closely misses you. The gnoll misses you.
You shoot a sling bullet.
The sling bullet hits the gnoll but does no damage.
The gnoll is severely wounded.
The quokka twitches its whiskers.
The quokka closely misses you. The gnoll hits you with a +0 flail.
You die...

#.# #............
#># #............
#.####......!.....
#....'...........
######......?>..
#.........#+#
#.........#
#########.#
.......@g.#
########r.# ......
...###... ##.#.
..# .. . .# #.. ..
# #.. ##


You could see a gnoll and a quokka.

Vanquished Creatures
  An endoplasm (D:1)
  A quokka (D:1)
  A rat (D:1)
3 creatures vanquished.

Notes
Turn   | Place    | Note
-------+----------+-------------------------------------------
     0 | D:1      | Arctor the Gnoll Hexslinger began the quest for the Orb.
     0 | D:1      | Reached XP level 1. HP: 17/17 MP: 4/4
    61 | D:1      | Slain by a gnoll

Illustrated notes

Levels and vault maps discovered:
D:1:      wander_arrival_abandoned_jail, layout_basic, fountainhead

Action                     || total
---------------------------++-------
   Fire: Sling             ||    14
 Armour: Robe              ||     6
  Dodge: Dodged            ||     7
